 Dungeon Crawl Stone Soup version 0.26-a0-52-gd53d4cd (webtiles) character file.

Game seed: 9113569331151716957

99 Faca the Skirmisher (level 4, -1/37 HPs)
             Began as a Mummy Fighter on June 6, 2020.
             Slain by Sigmund
             ... wielding a +0 scythe
              (10 damage)
             ... on level 2 of the Dungeon.
             The game lasted 00:02:28 (1806 turns).

Faca the Skirmisher (Mummy Fighter)                 Turns: 1806, Time: 00:02:29

Health: -1/37      AC:  7    Str: 20    XL:     4   Next: 45%
Magic:  4/4        EV: 11    Int:  7    God:
Gold:   117        SH:  9    Dex: 11    Spells: 3/3 levels left

rFire    x . .     SeeInvis .   a - +0 flail
rCold    + . .     Gourm    .   c - +1 kite shield
rNeg     + + +     Faith    .   b - +0 scale mail
rPois    ∞         Spirit   .   d - +0 helmet (curse)
rElec    .         Reflect  .   (no cloak)
rCorr    .         Harm     .   (no gloves)
MR       .....                  (no boots)
Stlth    ..........             (no amulet)
HPRegen  0.12/turn              g - +4 ring of evasion
MPRegen  0.09/turn              (no ring)

@: no status effects
A: no food or potions, fire vulnerability, cold resistance 1, negative energy
resistance 3, torment resistance, unbreathing
a: no special abilities


You were on level 2 of the Dungeon.
You were not hungry.

You visited 1 branch of the dungeon, and saw 2 of its levels.

You collected 117 gold pieces.

Inventory:

Hand Weapons
 a - a +0 flail (weapon)
Armour
 b - a +0 scale mail (worn)
 c - a +1 kite shield (worn)
 d - a cursed +0 helmet (worn)
Jewellery
 g - a +4 ring of evasion (left hand)
Scrolls
 e - 2 scrolls of identify
 f - a scroll of enchant weapon {unknown}


   Skills:
 + Level 4.3 Fighting
 + Level 2.9 Maces & Flails
 - Level 2.4 Armour
 - Level 2.4 Shields


You had 3 spell levels left.
You didn't know any spells.
Your spell library was empty.

Dungeon Overview and Level Annotations

Branches:
Dungeon (2/15)

Altars:

Annotations:
D:2 Sigmund


Innate Abilities, Weirdness & Mutations

You do not eat or drink.
Your flesh is vulnerable to fire.
You are immune to poison.
Your flesh is cold resistant. (rC+)
You are immune to negative energy. (rN+++)
You are immune to unholy pain and torment.
You can survive without breathing.


Message History

You see here a leather armour.
You see here a ration.
Found a ration.
Found an escape hatch in the floor.
Sigmund the Dreaded comes into view.
He is wielding a +0 scythe and wearing a +2 robe of positive energy.
Sigmund gestures wildly while chanting.
Sigmund flickers and vanishes!
Deactivating autopickup; reactivate with Ctrl-A.
A magic dart appears from out of thin air!
The magic dart hits you.
You start resting.
HP restored.
Something hits you!
Your shield and scale mail prevent you from hitting something.
Something hits you!
Your shield and scale mail prevent you from hitting something.
Something hits you!
* * * LOW HITPOINT WARNING * * *
You closely miss something. Something hits you!
You die...

...{.......##.#
#.# ##########
.......#.####.#
#># #########
......>..# #.#
.#. .........
##.###.#.# #.#
# # #..... #
#.#.# #.#
#.###÷ ..#.#
#.# #. #.##.#
#.# #. #. #.#
#{# #. #.
#.####@# #. #.
#......# ##
######## #.####
#..... ######
#..... #.####


There were no monsters in sight!

Vanquished Creatures
  Natasha (D:2)
  Robin (D:2)
  2 adders (D:2)
  A worm (D:2)
  A leopard gecko (D:2)
  2 bats (D:1)
  3 giant cockroaches
  8 goblins
  4 hobgoblins
  4 jackals (D:1)
  7 kobolds
  A quokka (D:2)
  2 frilled lizards
37 creatures vanquished.

Notes
Turn   | Place    | Note
-------+----------+-------------------------------------------
     0 | D:1      | Faca the Mummy Fighter began the quest for the Orb.
     0 | D:1      | Reached XP level 1. HP: 18/18 MP: 1/1
   174 | D:1      | Reached XP level 2. HP: 22/24 MP: 2/2
  1032 | D:2      | Noticed Robin
  1057 | D:2      | Killed Robin
  1057 | D:2      | Reached XP level 3. HP: 30/30 MP: 3/3
  1258 | D:2      | Reached skill level 4 in Fighting
  1269 | D:2      | Reached XP level 4. HP: 30/37 MP: 4/4
  1457 | D:2      | Noticed Natasha
  1491 | D:2      | Killed Natasha
  1776 | D:2      | Noticed Sigmund
  1806 | D:2      | Slain by Sigmund

Illustrated notes

Levels and vault maps discovered:
D:1:      onia_arrival_mini_spirals, layout_basic,
          chequers_serial_rivers_large_a, minmay_misc_feat_tiny,
          ebering_dispersal_statue_hall
D:2:      layout_loops_ring, uniq_robin, uniq_sigmund, uniq_natasha

Skill      XL: |  1  2  3 |
---------------+----------+-----
Maces & Flails | 2 |  2.9
Fighting       | 4 |  4.3
Armour         | |  2.4
Shields        | |  2.4

Action                   |  1- 3 |  4- 6 || total
-------------------------+-------+-------++-------
Melee: Flail             |   132 |    38 ||   170
  Use: Scroll            |     3 |       ||     3
Armor: Scale mail        |    51 |     8 ||    59
Dodge: Dodged            |    50 |    22 ||    72
Block: Kite shield       |    69 |    19 ||    88

Table legend:
 A = Non-vault XP
 B = Vault XP
 C = Vault XP percentage of total XP
 D = Non-vault monster count
 E = Vault monster count
 F = Vault count percentage of total count
                 A         B        C        D         E       F
            +---------+---------+-------+---------+---------+-------
      Total |      80 |      62 |  43.7 |      29 |       8 |  21.6
            +---------+---------+-------+---------+---------+-------
        D:1 |      30 |       0 |   0.0 |      16 |       0 |   0.0
        D:2 |      50 |      62 |  55.4 |      13 |       8 |  38.1
            +---------+---------+-------+---------+---------+-------
